AoeStats
← 海峡

Arabian Desert

508777320Analyzed
1v1 RM · 9d ago on Sep 24, 2026· 19m 15s· 2 players
Game mode
Random Map
Map size
Tiny (2 player)
Population
200
Speed
Normal
Resources
Standard
Victory
Conquest
Starting age
Dark Age
Ending age
Imperial Age
RankedLock teamsTeams togetherTeam positionsShared explorationLock speedFull tech treeHidden civsTurbo modeCheats
Victory
Defeat
🇨🇱 Mongols · Chile
1656
+15
🇨🇳 Varangians · China
1639
-15
海峡
7:00 Loom
9:26 Feudal Age
9:47 Man-at-Arms
12:15 Double-Bit Axe
14:56 Fletching
15:52 Padded Archer Armor
AiM | Maggick
5:57 Loom
8:32 Feudal Age
9:21 Double-Bit Axe
13:11 Fletching
13:54 Padded Archer Armor
19:07 Wheelbarrow
Connection lost

Rejoining the realm…

Still unreachable

The connection could not be restored.

Session expired

The server has moved on; the page needs a fresh start.